 Dungeon Crawl Stone Soup version 0.29.1-1-gd02db6906a (webtiles) character file.

Game seed: 1108811265593246400

55 Descartes the Sneak (level 3, -3/16 HPs)
             Began as a Felid Wanderer on Oct 14, 2022.
             Slain by a gnoll
             ... wielding a +0 spear
              (7 damage)
             ... on level 2 of the Dungeon.
             The game lasted 00:06:52 (4031 turns).

Descartes the Sneak (Felid Wanderer)                Turns: 4031, Time: 00:06:52

Health: -3/16      AC:  1    Str:  9    XL:     3   Next: 67%
Magic:  5/5        EV: 17    Int: 11    God:
Gold:   110        SH:  0    Dex: 18    Spells: 4/4 levels left
                                        Lives:  0   Deaths: 1

rFire   . . .      SeeInvis +     - Unarmed
rCold   . . .      Faith    .   (shield unavailable)
rNeg    . . .      Spirit   .   (body armour unavailable)
rPois   .          Reflect  .   (helmet unavailable)
rElec   .          Harm     .   (cloak unavailable)
rCorr   .          Rampage  .   (gloves unavailable)
Will    .....                   (boots unavailable)
Stlth   ++++......              (no amulet)
HPRegen 0.05/turn               (no ring)
MPRegen 0.09/turn               (no ring)

@: quick
A: very small, claws 1, fangs 3, see invisible, speed 1, shaggy fur 1, stealthy
paws, no weapons or thrown items, no armour, multi-lived
a: no special abilities


You were on level 2 of the Dungeon.
You visited 1 branch of the dungeon, and saw 2 of its levels.

You collected 110 gold pieces.

Inventory:

Scrolls
 a - a scroll of blinking
 b - a scroll of butterflies
 c - a scroll of silence
 f - 3 scrolls of enchant weapon {unknown}
 g - a scroll of magic mapping {unknown}
 i - 2 scrolls of fear {unknown}
 j - 3 scrolls of immolation {unknown}
 k - 3 scrolls of identify {unknown}
 n - 2 scrolls of poison {unknown}
 o - 3 scrolls of amnesia {unknown}
Potions
 d - a potion of haste
 e - a potion of magic {unknown}
 h - a potion of heal wounds {unknown}
 l - a potion of flight {unknown}
 m - 2 potions of curing
 p - a potion of berserk rage {unknown}


   Skills:
 + Level 2.1 Fighting
 + Level 2.3 Dodging
 + Level 7.2 Stealth
 + Level 2.7 Unarmed Combat
 - Level 1.0 Spellcasting
 + Level 2.3 Evocations


You had 4 spell levels left.
You didn't know any spells.
Your spell library contained the following spells:

 Spells                   Type           Power      Damage    Failure   Level
 Call Canine Familiar     Summ           0%         N/A       67%         3
 Stone Arrow              Conj/Erth      0%         3d7       67%         3
 Tukima's Dance           Hex            0%         N/A       67%         3
 Leda's Liquefaction      Hex/Erth       0%         N/A       97%         4
 Blade Hands              Tmut           0%         N/A       100%        5
 Lehudib's Crystal Spear  Conj/Erth      0%         10d2      100%        8
 Portal Projectile        Hex/Tloc       Unusable   N/A       N/A         3
 Animate Armour           Summ/Erth      Unusable   N/A       N/A         4

Dungeon Overview and Level Annotations

Branches:
Dungeon (2/15)

Altars:


Innate Abilities, Weirdness & Mutations

You have sharp claws.
You have razor-sharp teeth.
You have supernaturally acute eyesight. (SInv)
You cover ground quickly. (Speed+)
You are covered in fur. (AC +1)
Your paws help you pounce on unaware monsters.
You are incapable of wielding weapons or throwing items.
You cannot wear armour.
You gain extra lives every three experience levels.


Message History

You are too injured to fight recklessly!
You are too injured to fight recklessly!
You are too injured to fight recklessly!
You closely miss the gnoll. You bite the gnoll.
The gnoll is almost dead.
The gnoll misses you.
You scratch the gnoll.
You kill the gnoll!
You see here a +0 club.
HP restored.
Done exploring.
Done exploring.
Level map cleared.
Things that are here:
a +0 whip; a gnoll skeleton You see here the felid skeleton of Descartes.
A gnoll is nearby!
The gnoll shouts!
The gnoll hits you with a +0 spear.
You scratch the gnoll.
The gnoll is lightly wounded.
The gnoll closely misses you.
You scratch the gnoll.
The gnoll is heavily wounded.
The gnoll closely misses you.
You scratch the gnoll.
The gnoll is severely wounded.
The gnoll hits you with a +0 spear!
Ouch! That really hurt!
* * * LOW HITPOINT WARNING * * *
You are too injured to fight recklessly!
You are too injured to fight recklessly!
You are too injured to fight recklessly!
You completely miss the gnoll.
The gnoll is severely wounded.
The gnoll misses you.
You scratch the gnoll but do no damage.
The gnoll is severely wounded.
The gnoll hits you with a +0 spear!
You die...

,*,,,,,,,,,,,**,**,* *,*,******
,*,,,,,),,,,.##.**,* *,*[,,,,,,
,******,,,,,..#.**,* *,********
,* *,,,,,,...**,* *,* ,*
*,,,,,,#..**,* *,******** .#
*,,,,,,#..#*,* *,**,,<,,, .#
*,,,,,,#..#*,*## *,**,*,*** .#
*,,,,,,*#g##,,.# *,**,*,,**
.#*******######.@###.###.#*,*,,,,
.#,,,,,,,.................*,*,,**
.#,***#########)#....######,*,,*
.#,,,,........#............,*****
.############.#..##..[.....,,,,,,
.................##.#######******
#######.......##.##.#
#.########.####* #.#*,,,,,...,,,*


You could see a gnoll.

Vanquished Creatures
  2 gnolls (D:2)
  4 adders (D:2)
  A worm (D:2)
  2 dart slugs (D:1)
  3 bats (D:1)
  3 endoplasms (D:2)
  5 giant cockroaches
  7 goblins
  2 hobgoblins
  2 jackals (D:2)
  A quokka (D:2)
  2 ball pythons
  A frilled lizard (D:1)
  3 kobolds
  8 rats
46 creatures vanquished.

Notes
Turn   | Place    | Note
-------+----------+-------------------------------------------
     0 | D:1      | Descartes the Felid Wanderer began the quest for the Orb.
     0 | D:1      | Descartes set off with the following items: a scroll of
                  | blinking, a scroll of butterflies, a scroll of silence, a
                  | potion of haste.
     0 | D:1      | Reached XP level 1. HP: 9/9 MP: 3/3
   652 | D:1      | Reached XP level 2. HP: 12/12 MP: 4/4
   710 | D:1      | Reached skill level 1 in Dodging
  1222 | D:1      | Found a faded altar of an unknown god.
  1555 | D:2      | Reached XP level 3. HP: 15/15 MP: 5/5
  1700 | D:2      | Reached skill level 7 in Stealth
  2338 | D:2      | Reached XP level 4. HP: 19/19 MP: 6/6
  3745 | D:2      | Slain by a gnoll
  3746 | D:2      | Reached XP level 3. HP: -1/16 MP: 5/5
  4031 | D:2      | Slain by a gnoll

Illustrated notes

Levels and vault maps discovered:
D:1:      lightli_arrival_windingriver, layout_loops_ring,
          hellmonk_ecumenical_altar_defaced_shrine, amethyst_killhole
D:2:      layout_basic, hangedman_abyss_or_decor_stabs, chequers_jeans,
          solitary_fountain, grunt_ministairs_9

Skill      XL: |  1  2  3  4 |
---------------+-------------+-----
Dodging        | 1 2 |  2.3
Stealth        | 7 |  7.2
Evocations     | 2 |  2.3
Fighting       | 2 |  2.1
Unarmed Combat | |  2.7
Spellcasting   | |  1.0

Action                   |  1- 3 |  4- 6 || total
-------------------------+-------+-------++-------
Melee: Unarmed           |   111 |    42 ||   153
       Bite              |     9 |     5 ||    14
       Punch             |     4 |       ||     4
  Use: Potion            |     1 |       ||     1
 Stab: Sleeping          |    13 |     4 ||    17
       Distracted        |       |     1 ||     1
Armor: Skin              |     4 |     1 ||     5
Dodge: Dodged            |    77 |    28 ||   105
